 Dungeon Crawl Stone Soup version 0.17-a0-1882-g750edc8 (webtiles) character file.

1277 DecibelRebel the Cleaver (level 8, -7/66 HPs)
             Began as a Hill Orc Fighter on Sept 22, 2015.
             Was a Believer of Okawaru.
             Mangled by Duvessa
             ... wielding a +0 short sword
              (9 damage)
             ... on level 5 of the Dungeon.
             The game lasted 00:14:59 (4493 turns).

DecibelRebel the Cleaver (Hill Orc Fighter)         Turns: 4493, Time: 00:14:59

Health: -7/66      AC: 12    Str: 21    XL:     8   Next: 54%
Magic:  0/8        EV:  5    Int:  8    God:    Okawaru [**....]
Gold:   196        SH:  9    Dex: 10    Spells: 0 memorised, 7 levels left

rFire  . . .     SeeInvis .     a - +0 war axe
rCold  . . .     Clarity  .     o - +0 chain mail
rNeg   . . .     SustAt   .     c - +0 shield
rPois  .         Gourm    .     i - +0 helmet (curse)
rElec  .         Spirit   +     n - +0 cloak
rCorr  .         Warding  .     r - +0 pair of gloves
rMut   .         Stasis   .     (no boots)
MR     .....                    v - amulet of guardian spirit
Stlth  ..........               (no ring)
                                (no ring)

@: not resistant to hostile enchantments, extremely unstealthy
A: no striking features
a: Heroism, Renounce Religion


You were on level 5 of the Dungeon.
You worshipped Okawaru.
Okawaru was pleased with you.
You were not hungry.

You visited 1 branch of the dungeon, and saw 5 of its levels.

You collected 196 gold pieces.

Inventory:

Hand weapons
 a - a +0 war axe (weapon)
Armour
 b - a +0 scale mail
 c - a +0 shield (worn)
 i - a cursed +0 helmet (worn)
 n - a +0 cloak (worn)
 o - a +0 chain mail (worn)
 r - a +0 pair of gloves (worn)
Jewellery
 s - an uncursed ring of wizardry
 v - an amulet of guardian spirit (around neck)
Scrolls
 g - 4 scrolls of identify {unknown}
 j - 2 scrolls of teleportation
 l - a scroll of amnesia {unknown}
 p - 2 scrolls of magic mapping {unknown}
 x - a scroll of remove curse {unknown}
 y - a scroll of enchant armour {unknown}
Potions
 d - a potion of might
 f - a potion of magic {unknown}
 k - a potion of degeneration {unknown}
 m - 2 potions of heal wounds {unknown}
 q - 2 potions of poison {unknown}
 w - 3 potions of cure mutation {unknown}
 A - a potion of flight {unknown}
Comestibles
 e - 3 bread rations
 t - a slice of pizza
 u - 6 fruits
 z - 7 chunks of flesh


   Skills:
 - Level 4.0 Fighting
 + Level 12.5 Axes
 - Level 4.0 Armour
 - Level 3.4 Shields


You had 7 spell levels left.
You didn't know any spells.

Dungeon Overview and Level Annotations

Branches:
Dungeon (5/15)             Temple (0/1) D:4

Altars:
Kikubaaqudgha
Okawaru
Yredelemnul

Annotations:
D:5 Duvessa


Message History

You hit Duvessa but do no damage.
Duvessa is severely wounded.
Duvessa hits you with a short sword.
* * * LOW HITPOINT WARNING * * *
You block Duvessa's attack.
You hit Duvessa but do no damage.
Duvessa is severely wounded.
You block Duvessa's attack.
You hit Duvessa but do no damage.
Duvessa is severely wounded.
Duvessa hits you with a short sword!
* * * LOW HITPOINT WARNING * * *
Duvessa completely misses you.
Drink which item? (? for menu, Esc to quit)
You feel better. Duvessa hits you with a short sword!
* * * LOW HITPOINT WARNING * * *
Duvessa hits you but does no damage.
You see here a scroll labeled WUEHOQUSEM.
Duvessa hits you with a short sword!
You die...

..... #.## #.... .....#
..###..... ...#.##
##........ ###
##..#..###.......#
..####..............####..
..........................
..#................?......#
.................e.........
..†.#(########..@##........
.(##..# ### ###.##.......#
.....####.## #..#?......#
..)..###...# #...........
...#...#...#####..........>
................>...(.....#
.).#####....####...##.###.#
.### #.....###...# .# .#
#...#......##.##


You could see Duvessa (berserk).

Vanquished Creatures
  The ghost of Hanibal the Cutter, an experienced KoBe of Trog (D:4)
  Sigmund (D:2)
  Edmund (D:4)
  A centaur (D:5)
  2 ogres (D:4)
  Dowan (D:5)
  A scorpion (D:4)
  2 hounds (D:4)
  2 crimson imps (D:5)
  Crazy Yiuf (D:2)
  Terence (D:2)
  Natasha (thrice) (D:2)
  2 worker ants (D:5)
  6 adders
  2 oozes
  An adder skeleton (D:4)
  4 worms
  3 giant geckos
  5 orcs
  7 giant cockroaches
  9 goblins
  4 hobgoblins
  8 jackals
  2 quokkas
  8 bats
  A giant gecko skeleton (D:4)
  4 giant newts
  A jackal skeleton (D:5)
  6 kobolds
  7 rats
97 creatures vanquished.

Vanquished Creatures (others)
  An adder (D:5)
  An orc (D:5)
2 creatures vanquished.

Grand Total: 99 creatures vanquished

Notes
Turn   | Place    | Note
--------------------------------------------------------------
     0 | D:1      | DecibelRebel the Hill Orc Fighter began the quest for the Orb.
     0 | D:1      | Reached XP level 1. HP: 19/19 MP: 1/1
   217 | D:1      | Reached XP level 2. HP: 24/27 MP: 2/2
   398 | D:1      | Reached skill level 4 in Fighting
   398 | D:1      | Reached XP level 3. HP: 25/33 MP: 3/3
   643 | D:2      | Noticed Natasha
   656 | D:2      | Killed Natasha
   656 | D:2      | Reached XP level 4. HP: 14/40 MP: 4/4
   725 | D:2      | Noticed Natasha
   734 | D:2      | Killed Natasha
   771 | D:2      | Noticed Natasha
   774 | D:2      | Killed Natasha
   950 | D:2      | Noticed Sigmund
  1152 | D:2      | Killed Sigmund
  1152 | D:2      | Reached skill level 7 in Axes
  1152 | D:2      | Reached XP level 5. HP: 37/46 MP: 5/5
  1152 | D:2      | Reached XP level 6. HP: 41/52 MP: 6/6
  1158 | D:2      | Found an ancient bone altar of Kikubaaqudgha.
  1195 | D:2      | Found an iron altar of Okawaru.
  1224 | D:2      | Noticed Terence
  1235 | D:2      | Killed Terence
  1286 | D:2      | Became a worshipper of Warmaster Okawaru
  1472 | D:2      | Noticed Crazy Yiuf
  1478 | D:2      | Killed Crazy Yiuf
  1963 | D:3      | Reached skill level 8 in Axes
  2493 | D:4      | Noticed Hanibal's ghost (experienced KoBe)
  2543 | D:4      | Killed Hanibal's ghost
  2543 | D:4      | Acquired Okawaru's first power
  2543 | D:4      | Reached skill level 9 in Axes
  2543 | D:4      | Reached XP level 7. HP: 21/59 MP: 7/7
  2777 | D:4      | Reached skill level 10 in Axes
  3735 | D:4      | Found a basalt altar of Yredelemnul.
  3780 | D:4      | Found a staircase to the Ecumenical Temple.
  3857 | D:4      | Reached skill level 11 in Axes
  3857 | D:4      | Reached XP level 8. HP: 57/66 MP: 6/8
  4110 | D:4      | Noticed Edmund
  4145 | D:4      | Killed Edmund
  4273 | D:5      | Entered Level 5 of the Dungeon
  4302 | D:5      | Noticed Dowan
  4335 | D:5      | Killed Dowan
  4368 | D:5      | Reached skill level 12 in Axes
  4475 | D:5      | Noticed Duvessa
  4491 | D:5      | HP: 1/66 [Duvessa/short sword (15)]
  4493 | D:5      | Mangled by Duvessa

Vault maps used:
D:1:      minmay_arrival_glassed_features, st_stairs_13
D:2:      nicolae_overflow_hidden_temple, minmay_misc_feat_tower,
          okawaru_metal_pillars_1_2, uniq_terence, uniq_sigmund, uniq_natasha,
          uniq_crazy_yiuf_cottage
D:3:      first_bread
D:4:      overflow_temple_1_default, minmay_temple_entry_statues_pillars,
          uniq_edmund
D:5:      nicolae_tso_besieged_by_evil, gammafunk_temple_overflow_pools,
          serial_bayou_pond_b, lemuel_flamethrower_2, uniq_eustachio,
          uniq_duvessa

Action                   |  1- 3 |  4- 6 |  7- 9 || total
-------------------------+-------+-------+-------++-------
Melee: War axe           |    91 |   149 |   209 ||   449
  Use: Potion            |       |     4 |     1 ||     5
       Scroll            |       |     1 |       ||     1
  Eat: Chunk             |       |     1 |     2 ||     3
       Bread ration      |       |     1 |       ||     1
       Meat ration       |       |       |     1 ||     1
